 Dungeon Crawl Stone Soup version 0.18-a0-1805-g8ab820f (webtiles) character file.

16 Loki the Grasshopper (level 2, -1/15 HPs)
             Began as a Vine Stalker Warper on Apr 25, 2016.
             Slain by an adder (3 damage)
             ... on level 3 of the Dungeon.
             The game lasted 00:03:38 (292 turns).

Loki the Grasshopper (Vine Stalker Warper)           Turns: 292, Time: 00:03:39

Health: -1/15      AC:  3    Str: 13    XL:     2   Next: 54%
Magic:  0/6        EV: 11    Int: 13    God:
Gold:   54         SH:  0    Dex: 13    Spells: 1 memorised, 4 levels left

rFire  . . .     SeeInvis .       - Unarmed
rCold  . . .     Gourm    .     a - +0 leather armour
rNeg   . . .     Faith    .     (no shield)
rPois  .         Spirit   +     (no helmet)
rElec  .         Dismiss  .     (no cloak)
rCorr  .         Reflect  .     (no gloves)
SustAt .         Harm     .     (no boots)
MR     .....                    (no amulet)
Stlth  +.........               (no ring)
                                (no ring)

@: lethally poisoned (-1 -> -4), not resistant to hostile enchantments, very
unstealthy
A: fangs 2, regeneration 1, magic shield, antimagic bite, no device heal 3, rot
immunity
a: no special abilities


You were on level 3 of the Dungeon.
You were full.

You visited 1 branch of the dungeon, and saw 3 of its levels.

You collected 54 gold pieces.

Inventory:

Missiles
 d - 5 tomahawks of dispersal (quivered)
Armour
 a - a +0 leather armour (worn)
Scrolls
 c - a scroll of blinking
 e - 2 scrolls of teleportation {unknown}
 h - a scroll of enchant armour {unknown}
Potions
 g - 2 potions of brilliance {unknown}
Books
 b - a book of Spatial Translocations

   Spells                             Type                      Level
   a - Apportation                    Translocation                1
   b - Blink                          Translocation                2
   c - Shroud of Golubria             Charms/Translocation         2
   d - Portal Projectile              Translocation                3
   e - Teleport Other                 Translocation                3
   f - Passage of Golubria            Translocation                4
Comestibles
 f - a bread ration


   Skills:
 - Level 1.7 Fighting
 - Level 0.8 Throwing
 - Level 0.7 Armour
 - Level 1.5 Dodging
 * Level 2.8 Unarmed Combat
 - Level 2.1 Spellcasting
 + Level 3.2 Translocations


You had 4 spell levels left.
You knew the following spells:

 Your Spells              Type           Power        Failure   Level  Hunger
a - Apportation           Tloc           #.........   12%         1    ##.....


Dungeon Overview and Level Annotations

Branches:
Dungeon (3/15)

Altars:


Innate Abilities, Weirdness & Mutations

You have extremely sharp teeth.
Your natural rate of healing is unusually fast.
When hurt, damage is shared between your health and your magic reserves.
Your bite disrupts and absorbs the magic of your enemies.
Potions and wands cannot restore your health.
You are immune to rotting.


Message History

The adder barely misses you. The rat bites you. The adder misses you.
You closely miss the adder. Your bite misses the adder.
The adder is heavily wounded.
You feel sick. The adder bites you.
* * * LOW HITPOINT WARNING * * *
You are lethally poisoned!
The adder poisons you! The rat bites you but does no damage.
You completely miss the adder.
The adder is moderately wounded.
The adder barely misses you. The rat bites you.
* * * LOW HITPOINT WARNING * * *
You hit the adder but do no damage.
The adder is moderately wounded.
* * * LOW HITPOINT WARNING * * *
You feel sick. The adder closely misses you. The rat barely misses you.
You hit the adder but do no damage. You bite the adder. You drain its power.
You feel invigorated.
The adder is heavily wounded.
The adder bites you.
You die...

.#.## #....## #.....###
#........# #
#.....##...###
#....##..#...##
####.####.#.# #.......#
.......@S...# #...8...#
......r##...# #..8.8..#
.......##..####.8._.8.#
.................8.8..#
............###...8....
.....#.#....# #........
#...##.#..#.# #.##.###.
#.## #.#..#.# #.# #
....#.###.##.###


You could see an adder and a rat.

Vanquished Creatures
  An ooze (D:1)
  A dart slug (D:1)
  A goblin (D:2)
  4 jackals (D:1)
  A rat (D:1)
8 creatures vanquished.

Notes
Turn   | Place    | Note
--------------------------------------------------------------
     0 | D:1      | Loki the Vine Stalker Warper began the quest for the Orb.
     0 | D:1      | Reached XP level 1. HP: 11/11 MP: 4/4
    52 | D:1      | Reached XP level 2. HP: 13/15 MP: 4/6
   267 | D:3      | Found a faded altar to an unknown god.
   292 | D:3      | Slain by an adder

Vault maps used:
D:1:      dpeg_arrival_shelter
D:2:      grunt_ministairs_13
D:3:      ecumenical_altar_2, first_bread, uniq_natasha, uniq_purgy,
          uniq_grinder

Action                   || total
-------------------------++-------
Melee: Unarmed           ||    43
       Bite              ||    18
 Cast: Apportation       ||    15
  Eat: Fruit             ||     5
Armor: Leather armour    ||     9
Dodge: Dodged            ||    26
